Map: Rosanegro LE

Players

Horsedino

  • Race: Terran Terran
  • League: Silver
  • Spawn Location: 7:00

IagoAbreu - Winner!

  • Race: Zerg Zerg
  • League: Gold
  • Spawn Location: 1:00

VOD

Have the link to the VOD?

Description

Time

  • Played on: May 13, 2018, 2:21 p.m.
  • Length: 5:26
Show
View Real Time Build Order
Export as new Build Order

Horsedino Terran 

Build Orders:  

Get SALT Encoding   

  12  0:03  SCV  
  13  0:15  SCV  
  14  0:21  Supply Depot  
  14  0:27  SCV  
  15  0:43  SCV  
  15  0:47  Supply Depot  
  16  0:54  Refinery  
  16  0:55  SCV  
  17  1:07  SCV  
  18  1:12  Supply Depot  
  18  1:19  SCV  
  18  1:20  Barracks  
  19  1:31  SCV  
  20  1:37  Refinery  
  20  1:49  SCV  
  21  1:59  Command Center  
  21  2:01  SCV  
  22  2:09  Marine  
  22  2:13  SCV  
  24  2:27  Marine  
  25  2:30  Factory  
  25  2:41  SCV  
  26  2:45  Marine  
  27  3:08  Marine  
  28  3:17  Factory Tech Lab  
  28  3:26  Marine  
  29  3:29  Starport  
  29  3:37  Bunker  
  28  3:54  Supply Depot x2  
  22  4:11  SCV  
  14  4:24  SCV  
  12  4:36  SCV  
  12  4:48  SCV  
  13  5:00  SCV  
Show
View Real Time Build Order
Export as new Build Order

IagoAbreu Zerg - Winner!

Build Orders: Hatch First 

Get SALT Encoding   

  12  0:01  Drone  
  13  0:13  Overlord  
  13  0:19  Drone  
  14  0:23  Extractor  
  14  0:25  Drone  
  14  0:52  Hatchery  
  13  0:58  Drone  
  14  1:11  Spawning Pool  
  14  1:15  Drone  
  14  1:21  Drone  
  14  1:24  Drone  
  16  1:31  Drone  
  17  1:37  Evolution Chamber  
  16  1:41  Drone  
  17  2:04  Queen  
  19  2:09  Roach Warren  
  18  2:19  Zerg Missile Weapons Level 1  
  18  2:23  Drone  
  19  2:37  Spine Crawler  
  19  2:43  Spine Crawler  
  17  2:52  Roach  
  19  3:01  Roach x2  
  25  3:20  Roach x2  
  27  3:36  Overlord x2  
  27  3:40  Drone  
  28  3:58  Roach  
  28  3:59  Roach x2  
  34  4:17  Zergling x2  
  35  4:43  Zergling x10  
Tags
 
Add a new tag
Caveats
  • Supply blocks, unpowered buildings, or Contaminate may cause inaccurate times.
  • Supply counts are checked every 10 seconds.